 Dungeon Crawl Stone Soup version 0.31-a0-180-g519b7de00c (webtiles) character file.

Game seed: 2094202956169397587

139 qw the Chopper (level 5, -14/32 HPs)
             Began as a Gargoyle Fighter on June 20, 2023.
             Demolished by an ogre
             ... wielding a +0 giant club
              (30 damage)
             ... on level 3 of the Dungeon.
             The game lasted 00:01:03 (1777 turns).

qw the Chopper (Gargoyle Fighter)                   Turns: 1777, Time: 00:01:03

Health: -14/32     AC: 15    Str: 21    XL:     5   Next: 22%
Magic:  5/5        EV:  5    Int:  9    God:
Gold:   45         SH:  4    Dex:  9    Spells: 4/4 levels left

rFire   . . .        Y - +1 war axe
rCold   . . .        c - +0 buckler
rNeg    + . .        g - +0 plate armour
rPois   inf          (no helmet)
rElec   +            (no cloak)
rCorr   .            (no gloves)
SInv    .            (no boots)
Will    .....        (no amulet) Stlth
                     (no ring)
HPRegen 0.25/turn    (no ring)
MPRegen 0.09/turn

%: no passive effects
@: no status effects
A: sickness immunity, AC +4, negative energy resistance 1, electricity
resistance, torment resistance 1, petrification resistance
a: no special abilities


You were on level 3 of the Dungeon.
You visited 1 branch of the dungeon, and saw 3 of its levels.

You collected 45 gold pieces.


Innate Abilities, Weirdness & Mutations

You are immune to sickness and miasma.
Your stone body is resilient. (AC +4)
You are immune to poison.
You resist negative energy. (rN+)
You are resistant to electric shocks. (rElec)
You are resistant to unholy torment.
You are immune to petrification.


   Skills:
 - Level 3.2 Fighting
 + Level 4.8 Axes
 - Level 3.2 Armour
 - Level 3.2 Shields


You had 4 spell levels left.
You didn't know any spells.
Your spell library was empty.

Inventory:

Hand Weapons
 i - a +2 mace of protection
 Y - a +1 war axe (weapon)
Armour
 c - a +0 buckler (worn)
 g - a +0 plate armour (worn)
Scrolls
 a - a scroll of identify
Potions
 d - 2 potions of might
 e - a potion of curing
 f - 2 potions of heal wounds

Dungeon Overview and Level Annotations

Branches:
Dungeon (3/15)

Altars:

Shops:
D:2 :


Message History

The gnoll hits you but does no damage.
A goblin comes into view. It is wielding a +0 club. x2
The gnoll hits you but does no damage.
You slash the gnoll!
The gnoll is severely wounded.
The gnoll hits you but does no damage.
You hit the gnoll.
The gnoll is severely wounded.
An ogre comes into view. It is wielding a +0 giant club.
The gnoll barely misses you.
You hit the gnoll.
You kill the gnoll!
You closely miss the goblin. You block the goblin's attack.
The goblin unwields a +0 club.
The goblin wields a +0 sling.
The goblin shoots a sling bullet.
The sling bullet barely misses you. The goblin barely misses you.
You closely miss the goblin.
The goblin shoots a sling bullet.
The sling bullet hits you. The goblin hits you but does no damage.
You hit the goblin.
You kill the goblin!
1771 ||| FLEEEEING.
You hit the ogre.
The ogre is lightly wounded.
The ogre hits you with a +0 giant club!
You hit the ogre but do no damage.
The ogre is lightly wounded.
You slash the goblin!
You kill the goblin!
The ogre closely misses you.
You slash the ogre!
The ogre is heavily wounded.
You block the ogre's attack.
You hit the ogre but do no damage.
The ogre is heavily wounded.
You slash the ogre!
The ogre is severely wounded.
The ogre hits you with a +0 giant club!!
Ouch! That really hurt!
You die...

## # ... .# #..
########..###
#..##....<.......
#.............###
.##.....##...#
#.....# ##.#
#..@..# # ##.O)##
##.## #.# ...
..#.. .#. $##
#.## ## .


You could see an ogre.

Vanquished Creatures
  Terence (D:2)
  2 gnolls (D:3)
  4 adders (D:2)
  2 worms (D:2)
  2 dart slugs (D:1)
  2 bats
  3 endoplasms
  3 giant cockroaches
  6 goblins
  3 hobgoblins
  3 jackals (D:1)
  6 kobolds
  3 quokkas (D:1)
  7 ball pythons
  2 frilled lizards (D:2)
  2 rats (D:1)
51 creatures vanquished.

Notes
Turn   | Place    | Note
-------+----------+-------------------------------------------
     0 | D:1      | qw the Gargoyle Fighter began the quest for the Orb.
     0 | D:1      | Reached XP level 1. HP: 14/14 MP: 1/1
     0 | D:1      | 0 ||| qw: Version: 0.3-a-9-g12657ce
     0 | D:1      | 0 ||| qw: Game counter: 1129
     0 | D:1      | 0 ||| qw: Always use a shield: true
     0 | D:1      | 0 ||| qw: God list: Okawaru
     0 | D:1      | 0 ||| qw: Allow faded altars: false
     0 | D:1      | 0 ||| qw: Do Orc after D:15 true
     0 | D:1      | 0 ||| qw: Do second Lair branch before Depths: true
     0 | D:1      | 0 ||| qw: Lair rune preference: random
     0 | D:1      | 0 ||| qw: Plans: Normal, Zot:1-4, Slime:5, God:TSO, Crypt,
                  | Tomb, Abyss, Pan, Hells, Win
     0 | D:1      | 0 ||| PLANNING D:1-11
     9 | D:1      | 9 ||| Stepping ~*~*~tactically~*~*~ (hiding).
    10 | D:1      | 10 ||| Stepping ~*~*~tactically~*~*~ (hiding).
    11 | D:1      | 11 ||| Stepping ~*~*~tactically~*~*~ (hiding).
    23 | D:1      | Reached skill level 2 in Axes
    48 | D:1      | 48 ||| Stepping ~*~*~tactically~*~*~ (stealth).
    81 | D:1      | 81 ||| Stepping ~*~*~tactically~*~*~ (stealth).
    84 | D:1      | Reached XP level 2. HP: 19/19 MP: 2/2
   102 | D:1      | Found a faded altar of an unknown god.
   175 | D:1      | 175 ||| Stepping ~*~*~tactically~*~*~ (hiding).
   176 | D:1      | 176 ||| Stepping ~*~*~tactically~*~*~ (hiding).
   184 | D:1      | Reached skill level 3 in Axes
   293 | D:1      | 293 ||| DROPPING +0 club.
   369 | D:1      | Reached XP level 3. HP: 20/23 MP: 3/3
   737 | D:1      | 737 ||| READING scroll labelled TUOTIEJY QUSS.
   740 | D:1      | 740 ||| READING scroll labelled ANEIWI FUUD.
   741 | D:1      | 741 ||| READING scroll labelled KIFESH HURARI.
   742 | D:1      | 742 ||| DRINKING 2 dark potions.
   870 | D:2      | Reached XP level 4. HP: 23/28 MP: 4/4
   945 | D:2      | Reached skill level 4 in Axes
   990 | D:2      | 990 ||| Stepping ~*~*~tactically~*~*~ (stealth).
  1091 | D:2      | Found Maykhlo's Book Boutique.
  1111 | D:2      | 1111 ||| UPGRADING to +0 plate armour.
  1121 | D:2      | 1121 ||| DROPPING +0 scale mail.
  1237 | D:2      | 1237 ||| Stepping ~*~*~tactically~*~*~ (stealth).
  1569 | D:2      | Noticed Terence
  1576 | D:2      | Killed Terence
  1577 | D:2      | Reached XP level 5. HP: 30/32 MP: 5/5
  1587 | D:2      | 1587 ||| DROPPING +0 whip.
  1733 | D:2      | 1733 ||| READING scroll labelled SUIQOL JOSIUD.
  1734 | D:2      | 1734 ||| DRINKING 2 grey potions.
  1756 | D:3      | 1756 ||| Stepping ~*~*~tactically~*~*~ (stealth).
  1757 | D:3      | 1757 ||| Stepping ~*~*~tactically~*~*~ (stealth).
  1767 | D:3      | Noticed an ogre
  1771 | D:3      | 1771 ||| FLEEEEING.
  1777 | D:3      | Demolished by an ogre

Levels and vault maps discovered:
D:1:      saegor_arrival_simple_c, layout_basic,
          hellmonk_ecumenical_altar_arch_garden
D:2:      layout_basic, serial_shops, nicolae_book_shop_shelving, uniq_terence
D:3:      layout_loops_ring, mainiacjoe_overflow_24_doors,
          nicolae_wu_jian_wuxing_cycle, corexii_corridor_pit

Skill      XL: |  1  2  3  4 |
---------------+-------------+-----
Axes           | 2 3 4 |  4.8
Fighting       | |  3.2
Armour         | |  3.2
Shields        | |  3.2

Action                     |  1- 3 |  4- 6 || total
---------------------------+-------+-------++-------
  Melee: War axe           |   117 |    77 ||   194
    Use: Scroll            |     3 |     1 ||     4
         Potion            |     1 |     1 ||     2
 Armour: Scale mail        |    58 |     8 ||    66
         Plate armour      |       |    19 ||    19
  Dodge: Dodged            |    52 |    30 ||    82
  Block: Buckler           |    16 |    13 ||    29

Table legend:
 A = Non-vault XP
 B = Vault XP
 C = Vault XP percentage of total XP
 D = Non-vault monster count
 E = Vault monster count
 F = Vault count percentage of total count
                 A         B        C        D         E       F
            +---------+---------+-------+---------+---------+-------
      Total |     167 |      32 |  16.1 |      50 |       1 |   2.0
            +---------+---------+-------+---------+---------+-------
        D:1 |      53 |       0 |   0.0 |      27 |       0 |   0.0
        D:2 |      83 |      32 |  27.8 |      19 |       1 |   5.0
        D:3 |      31 |       0 |   0.0 |       4 |       0 |   0.0
            +---------+---------+-------+---------+---------+-------
